[Event "Titled Tuesday Blitz May 30 Early 2023"]
[White "Bilan, Danila"]
[Black "Domingo Nunez, Ruben"]
[WhiteFideId "24161918"]
[BlackFideId "22245570"]
[WhiteElo "2182"]
[BlackElo "2404"]
[Result "1/2-1/2"]
[Round "06"]
[TimeControl "180+2"]
[Date "2023.05.30"]
[WhiteClock "0:00:10"]
[BlackClock "0:00:13"]

1. d4 g6 2. Nf3 Bg7 3. Bg5 Nf6 4. c3 d5 5. Nbd2 c6 6. e3 Bf5 7. Be2 Nbd7 8. O-O O-O 9. c4 Qb6 10. Qb3 Rfe8 11. Rac1 Qxb3 12. Nxb3 Ne4 13. Bf4 dxc4 14. Bxc4 e5 15. dxe5 Nxe5 16. Nxe5 Bxe5 17. Bxe5 Rxe5 18. Rfd1 Kf8 19. f3 Nf6 20. e4 Be6 21. Bxe6 Rxe6 22. Nc5 Re7 23. Kf2 b6 24. Nd3 Rc8 25. Nb4 c5 26. Nd5 Nxd5 27. Rxd5 Rec7 28. Ke3 Ke7 29. a4 a6 30. f4 Rc6 31. Rcd1 R8c7 32. e5 b5 33. axb5 axb5 34. Ra1 c4 35. Rxb5 c3 36. bxc3 Rxc3+ 37. Kf2 R7c4 38. Ra7+ Kf8 39. g3 Rc2+ 40. Kf3 Rc7 41. Rxc7 Rxc7 42. Rb3 Kg7 43. g4 Rc2 44. h3 Rd2 45. Ke4 Re2+ 46. Re3 Rh2 47. f5 gxf5+ 48. gxf5 Kf8 49. f6 Ke8 50. Rd3 Re2+ 51. Kf4 Rf2+ 52. Rf3 Re2 53. Re3 Rf2+ 54. Kg5 Kd7 55. Kh6 Ke6 56. Kxh7 Rf4 57. Kh6 Rf5 58. h4 Rf4 59. h5 Rf5 60. Re2 Kd7 61. Kg7 Ke6 62. h6 Rg5+ 63. Kh7 Rg1 64. Re3 Rg4 65. Kh8 Rg6 66. h7 Rg5 67. Re4 Rg1 68. Re2 Rg3 69. Re4 Rg2 70. Re1 Rg4 71. Re2 Rg1 72. Re3 Rg2 73. Re4 Rg6 74. Re3 Rg4 75. Re2 Rg3 76. Re1 Rg2 77. Re3 Rg1 78. Re4 Rg3 79. Re2 Rg1 80. Re3 Rg2 81. Re4 Rg1 82. Re3 1/2-1/2


[Site "https://www.chess.com"]

[Event "Titled Tuesday Blitz May 30 Early 2023"]
[White "Martinez Ramirez, Lennis"]
[Black "Chylewski, Patryk"]
[WhiteFideId "3509079"]
[BlackFideId "1186191"]
[WhiteElo "2410"]
[BlackElo "2163"]
[Result "1-0"]
[Round "06"]
[TimeControl "180+2"]
[Date "2023.05.30"]
[WhiteClock "0:02:01"]
[BlackClock "0:01:46"]

1. Nf3 d5 2. c4 e6 3. g3 Nf6 4. Bg2 dxc4 5. Na3 Bxa3 6. Qa4+ Bd7 7. Qxa3 Bc6 8. O-O Qd6 9. Qc3 b5 10. b3 cxb3 11. axb3 O-O 12. Ba3 Nd5 13. Bxd6 Nxc3 14. Bxf8 Nxe2+ 15. Kh1 Kxf8 16. Rfe1 1-0


[Site "https://www.chess.com"]

[Event "Titled Tuesday Blitz May 30 Early 2023"]
[White "Mendez Fortes, Eduardo Jesus"]
[Black "Ozates, Tuna"]
[WhiteFideId "3502376"]
[BlackFideId "6354521"]
[WhiteElo "2307"]
[BlackElo "2151"]
[Result "0-1"]
[Round "06"]
[TimeControl "180+2"]
[Date "2023.05.30"]
[WhiteClock "0:00:12"]
[BlackClock "0:01:21"]

1. e4 Nf6 2. e5 Nd5 3. d4 d6 4. Nf3 dxe5 5. Nxe5 c6 6. Bc4 Nd7 7. Nd3 N7f6 8. O-O Bg4 9. Qe1 e6 10. c3 Be7 11. Ne5 Bh5 12. Nd2 O-O 13. f4 c5 14. Nb3 cxd4 15. Nxd4 Rc8 16. Bb3 Bc5 17. Kh1 Bg6 18. f5 exf5 19. Nxf5 Re8 20. Qg3 Bd6 21. Nxd6 Qxd6 22. Nxg6 Qxg3 23. hxg3 hxg6 24. Bg5 Re2 25. Rfd1 Ne3 26. Rd3 Nxg2 27. Rg1 Ne1 28. Bd2 Rce8 29. Bd1 Nxd3 0-1


[Site "https://www.chess.com"]

[Event "Titled Tuesday Blitz May 30 Early 2023"]
[White "Sowul, Bartosz"]
[Black "Shuvalova, Polina"]
[WhiteFideId "1137590"]
[BlackFideId "24171760"]
[WhiteElo "2188"]
[BlackElo "2281"]
[Result "0-1"]
[Round "06"]
[TimeControl "180+2"]
[Date "2023.05.30"]
[WhiteClock "0:00:00"]
[BlackClock "0:00:07"]

1. e4 c6 2. d4 d5 3. e5 Bf5 4. h4 h5 5. Bd3 Bxd3 6. Qxd3 Qa5+ 7. Nd2 e6 8. Nf3 Qa6 9. c4 Bb4 10. O-O Bxd2 11. Nxd2 Ne7 12. Qe2 Nd7 13. b3 Nf5 14. Nf3 O-O-O 15. a4 dxc4 16. Bg5 f6 17. exf6 gxf6 18. Bf4 Rhe8 19. Rfc1 Nb6 20. a5 Nd5 21. Bh2 cxb3 22. Qb2 Nc7 23. Qxb3 Nxd4 24. Nxd4 Rxd4 25. Qf3 Nd5 26. Qxh5 Rd8 27. Qf7 e5 28. Rab1 Nc3 29. Qe6+ Kb8 30. Bxe5+ fxe5 31. Qxe5+ Ka8 32. Rxc3 Rxh4 33. Re1 Rhh8 34. Rg3 Qc4 35. Rg7 a6 36. Rb1 Rb8 37. Re1 Qb5 38. Qc7 Qh5 39. Kf1 Qh1+ 40. Ke2 Rhe8+ 41. Kf3 Qxe1 42. Qb6 Qe4+ 43. Kg3 Qe5+ 44. Kf3 Qxg7 0-1


[Site "https://www.chess.com"]

[Event "Titled Tuesday Blitz May 30 Early 2023"]
[White "Rendle, Thomas E"]
[Black "Dudzinski, Pawel"]
[WhiteFideId "408760"]
[BlackFideId "1117890"]
[WhiteElo "2428"]
[BlackElo "2099"]
[Result "1-0"]
[Round "06"]
[TimeControl "180+2"]
[Date "2023.05.30"]
[WhiteClock "0:00:06"]
[BlackClock "0:00:13"]

1. e4 c6 2. d4 d5 3. exd5 cxd5 4. Nf3 Nf6 5. Ne5 a6 6. c4 e6 7. Nc3 Nbd7 8. cxd5 Nxe5 9. dxe5 Nxd5 10. Nxd5 Qxd5 11. Qxd5 exd5 12. Bd3 Bb4+ 13. Bd2 Bxd2+ 14. Kxd2 Be6 15. Rac1 Kd7 16. f4 g6 17. h4 h5 18. Rc5 Rac8 19. Rhc1 Rxc5 20. Rxc5 Ra8 21. Ke3 d4+ 22. Kxd4 Bxa2 23. f5 gxf5 24. Bxf5+ Be6 25. Be4 Rg8 26. Bxb7 Rg4+ 27. Ke3 Rb4 28. Bxa6 Rxb2 29. Bb5+ Kd8 30. Be2 Rb4 31. g3 Ke7 32. Bxh5 Kf8 33. Be2 Kg7 34. Kf2 Re4 35. Bf3 Rb4 36. Rc2 Rb5 37. Re2 Rb4 38. Re4 Rxe4 39. Bxe4 f6 40. exf6+ Kxf6 41. Kf3 Bh3 42. Kf4 Kg7 43. Bf5 Bf1 44. g4 Be2 45. g5 Bh5 46. Bg4 Bg6 47. h5 Be8 48. h6+ Kh8 49. Bf5 Bh5 50. Ke5 Bf7 51. Kf6 Bh5 52. Bg6 Be2 53. Bf5 Bh5 54. Bg4 Bxg4 55. g6 Kg8 56. h7+ Kh8 57. Kf7 Be6+ 58. Kxe6 Kg7 59. Ke7 Kh8 60. Ke6 Kg7 61. Kf5 Kh8 62. Kg5 Kg7 63. Kg4 Kh8 64. Kf4 Kg7 65. Kg5 Kh8 66. Kf5 Kg7 67. h8=Q+ Kxh8 68. Kf6 Kg8 69. g7 Kh7 70. Kf7 Kh6 71. g8=Q Kh5 72. Kf6 Kh4 73. Kf5 Kh3 74. Kf4 Kh2 75. Kf3 Kh1 76. Qg2# 1-0


[Site "https://www.chess.com"]

[Event "Titled Tuesday Blitz May 30 Early 2023"]
[White "Bolourchifard, Farzad"]
[Black "Fan_Of_Chucky"]
[WhiteFideId "12510084"]
[WhiteElo "2317"]
[BlackElo "2463"]
[Result "0-1"]
[Round "06"]
[TimeControl "180+2"]
[Date "2023.05.30"]
[WhiteClock "0:00:02"]
[BlackClock "0:00:05"]

1. d4 Nf6 2. Nf3 g6 3. Bg5 Bg7 4. e3 d6 5. Be2 c5 6. c3 b6 7. Nbd2 Bb7 8. O-O Nbd7 9. a4 O-O 10. a5 bxa5 11. Qa4 h6 12. Bh4 cxd4 13. exd4 Nb6 14. Qxa5 g5 15. Bg3 Nh5 16. Ba6 Bxa6 17. Qxa6 f5 18. h3 Nxg3 19. fxg3 e5 20. Nc4 g4 21. hxg4 fxg4 22. Nxb6 axb6 23. Qxa8 Qxa8 24. Rxa8 Rxa8 25. dxe5 gxf3 26. exd6 Rd8 27. gxf3 Rxd6 28. Rf2 Kf7 29. Kg2 Rd3 30. Re2 Bf8 31. Kf2 Bc5+ 32. Kg2 Rd1 33. Kh3 Bd6 34. Kg4 Rd5 35. f4 h5+ 36. Kh4 Be7+ 37. Kh3 Kf6 38. Kh4 Kf7+ 39. Kh3 Rd3 40. Kg2 Bd6 41. Kh3 Be7 42. Kg2 Bf6 43. Kf2 Kg6 44. Kg2 Kf5 45. Re8 Rd2+ 46. Kf3 Rxb2 47. Rc8 Rb3 48. Rb8 Rxc3+ 49. Kg2 Rb3 50. Kh3 h4 51. Kh2 hxg3+ 52. Kh3 Kxf4 53. Rf8 Kf5 54. Re8 Be5 55. Rf8+ Ke4 56. Rb8 Rb2 57. Rb7 Rh2+ 58. Kg4 g2 0-1


[Site "https://www.chess.com"]

[Event "Titled Tuesday Blitz May 30 Early 2023"]
[White "Trifan, Andrei Ioan"]
[Black "Williams, Simon K"]
[WhiteFideId "12967068"]
[BlackFideId "404454"]
[WhiteElo "2208"]
[BlackElo "2468"]
[Result "1-0"]
[Round "06"]
[TimeControl "180+2"]
[Date "2023.05.30"]
[WhiteClock "0:00:49"]
[BlackClock "0:00:31"]

1. e4 g6 2. d4 Bg7 3. Nc3 d6 4. f4 Nf6 5. Nf3 O-O 6. Bd3 Nh5 7. O-O Nc6 8. d5 Nb4 9. Bc4 e5 10. a3 Na6 11. f5 c6 12. dxc6 bxc6 13. Ng5 d5 14. exd5 Nf4 15. Nxf7 Rxf7 16. dxc6 Qb6+ 17. Kh1 Bxf5 18. Nd5 Qxc6 19. Ne7+ 1-0


[Site "https://www.chess.com"]

[Event "Titled Tuesday Blitz May 30 Early 2023"]
[White "Melikyan, Gnel"]
[Black "Grave, Jacob Templen"]
[WhiteFideId "54109990"]
[BlackFideId "1542656"]
[WhiteElo "2138"]
[BlackElo "2189"]
[Result "1-0"]
[Round "06"]
[TimeControl "180+2"]
[Date "2023.05.30"]
[WhiteClock "0:00:16"]
[BlackClock "0:00:01"]

1. e4 c6 2. d4 d5 3. f3 e5 4. dxe5 Bc5 5. Nc3 Qb6 6. Na4 Qa5+ 7. c3 Bxg1 8. Rxg1 dxe4 9. f4 Ne7 10. b4 Qc7 11. Nc5 O-O 12. Nxe4 Nd5 13. Qf3 a5 14. Bd2 Re8 15. bxa5 Qxa5 16. c4 Qb6 17. Qf2 Qxf2+ 18. Kxf2 Ne7 19. Be2 Rd8 20. Rgd1 Be6 21. Bb4 Rxd1 22. Rxd1 Ng6 23. Rd8+ 1-0


[Site "https://www.chess.com"]

[Event "Titled Tuesday Blitz May 30 Early 2023"]
[White "Arabidze, Meri"]
[Black "Kazmin_Semyon"]
[WhiteFideId "13604040"]
[WhiteElo "2405"]
[BlackElo "2433"]
[Result "1-0"]
[Round "06"]
[TimeControl "180+2"]
[Date "2023.05.30"]
[WhiteClock "0:00:34"]
[BlackClock "0:00:04"]

1. Nf3 Nf6 2. b3 d5 3. Bb2 c5 4. e3 Nc6 5. Bb5 Bd7 6. O-O g6 7. Bxc6 bxc6 8. Ne5 Bg7 9. f4 Ng4 10. Nxc6 Bxb2 11. Nxd8 Bxa1 12. Nb7 Rc8 13. c3 d4 14. Na3 Bb2 15. Nc4 dxc3 16. Qc2 Be6 17. Nba5 O-O 18. dxc3 Bf5 19. Qxb2 Rfd8 20. h3 Nf6 21. Ne5 Ne4 22. Nac6 Rd2 23. Nxe7+ Kf8 24. Qxd2 Nxd2 25. Nxc8 Nxf1 26. Kxf1 Bxc8 27. Nd3 c4 28. bxc4 Ba6 29. Nb2 Ke7 30. Ke2 Kd6 31. Kd3 f5 32. g3 Bb7 33. Kd4 h6 34. h4 Bf3 35. Nd3 Bh5 36. Ne5 Ke6 37. c5 a6 38. a3 a5 39. c4 a4 40. Nd3 Bd1 41. Nb4 Kd7 42. Ke5 Ke7 43. c6 Kd8 44. Kd6 Kc8 45. Nd5 Be2 46. Ne7+ Kb8 47. c7+ Ka7 1-0


[Site "https://www.chess.com"]

[Event "Titled Tuesday Blitz May 30 Early 2023"]
[White "Dehtiarov, Roman"]
[Black "Harriott, Tyrell"]
[WhiteFideId "14186640"]
[BlackFideId "2086484"]
[WhiteElo "2189"]
[BlackElo "2107"]
[Result "1-0"]
[Round "06"]
[TimeControl "180+2"]
[Date "2023.05.30"]
[WhiteClock "0:00:05"]
[BlackClock "0:00:05"]

1. e4 e6 2. d4 d5 3. exd5 exd5 4. Nf3 Bd6 5. Bd3 f5 6. O-O Nf6 7. Bg5 O-O 8. Ne5 Qe8 9. Nc3 Ne4 10. Bxe4 dxe4 11. f4 Nc6 12. Bh4 Ne7 13. Bf2 c6 14. Be3 Be6 15. Qe2 Nd5 16. Nxd5 Bxd5 17. c4 Be6 18. b3 Qe7 19. Rad1 Kh8 20. Kh1 Rad8 21. Rd2 Rf6 22. Rfd1 Bb4 23. Rc2 Kg8 24. Bd2 Bd6 25. Bc3 Rh6 26. g3 Bf7 27. Nxf7 Qxf7 28. Qe3 Qh5 29. Rcd2 Re8 30. Re1 Bc7 31. Qe2 Qh3 32. Qg2 Qg4 33. Re3 Rg6 34. Qe2 Qh3 35. Rd1 Qh6 36. b4 Rg4 37. a4 Qe6 38. d5 cxd5 39. Rxd5 Bb6 40. Bd4 Rg6 41. Qd2 Rf6 42. Re5 Qf7 43. c5 Rd8 44. cxb6 Rfd6 45. bxa7 b6 46. Kg2 Qxa7 47. Qa2+ Kh8 48. Bc3 Qc7 49. Be1 Qc1 50. Bf2 Rd2 51. Qe6 h6 52. Qxf5 Rxf2+ 53. Kxf2 Rd2+ 54. Re2 Rxe2+ 55. Kxe2 Qc2+ 56. Kf1 Qd1+ 57. Kg2 Qf3+ 58. Kh3 Qf1+ 59. Kh4 1-0


[Site "https://www.chess.com"]

[Event "Titled Tuesday Blitz May 30 Early 2023"]
[White "Girya, Olga"]
[Black "Goswami, Vedant"]
[WhiteFideId "4195752"]
[BlackFideId "5003725"]
[WhiteElo "2263"]
[BlackElo "2011"]
[Result "1/2-1/2"]
[Round "06"]
[TimeControl "180+2"]
[Date "2023.05.30"]
[WhiteClock "0:00:08"]
[BlackClock "0:00:02"]

1. d4 d6 2. Nf3 g6 3. e4 Bg7 4. Bd3 Nd7 5. O-O e5 6. c3 Ne7 7. Na3 Nc6 8. Nc2 O-O 9. Re1 h6 10. h3 Kh7 11. b4 a6 12. a4 b6 13. b5 axb5 14. axb5 Rxa1 15. Nxa1 Ne7 16. Nb3 Bb7 17. c4 exd4 18. Nbxd4 Nc5 19. Bc2 Qa8 20. Qe2 Nd7 21. Bb2 Qd8 22. Ra1 Nc8 23. Bd3 Nc5 24. Bb1 Qe7 25. Nc6 Qe8 26. Bxg7 Kxg7 27. Qb2+ Kg8 28. Na7 Nxa7 29. Rxa7 Qb8 30. Ra3 Re8 31. Re3 Qd8 32. Qd4 Qe7 33. Nd2 Ne6 34. Qc3 Nc5 35. Qd4 Qe5 36. Qxe5 dxe5 37. Nf3 f6 38. Re1 Rd8 39. Bc2 Kf7 40. h4 h5 41. g3 Ke7 42. Nh2 Bc8 43. Nf1 Bb7 44. Ne3 Rd2 45. f3 Kd6 46. Rd1 Rxd1+ 47. Bxd1 Ne6 48. Kf2 Nd4 49. Be2 Kc5 50. Bd3 c6 51. g4 cxb5 52. cxb5 Nxb5 53. gxh5 gxh5 54. Bxb5 Kxb5 55. Nf5 Kc5 56. Ke3 b5 57. Kd3 Bc8 58. Ng3 b4 59. Nxh5 Ba6+ 60. Kd2 Kd4 61. Nxf6 Bd3 62. Nd5 b3 63. Kc1 Bxe4 64. fxe4 Kxe4 65. h5 Kf5 66. Ne3+ Kg5 67. Nc4 Kxh5 68. Nxe5 Kh4 69. Kb2 Kg3 70. Kxb3 1/2-1/2


[Site "https://www.chess.com"]

[Event "Titled Tuesday Blitz May 30 Early 2023"]
[White "Lenaerts, Lennert"]
[Black "Korpics, Zsolt"]
[WhiteFideId "211435"]
[BlackFideId "705241"]
[WhiteElo "2334"]
[BlackElo "2367"]
[Result "1-0"]
[Round "06"]
[TimeControl "180+2"]
[Date "2023.05.30"]
[WhiteClock "0:01:44"]
[BlackClock "0:00:01"]

1. d4 Nf6 2. c4 e6 3. Nc3 Bb4 4. g3 O-O 5. Bg2 d5 6. Nf3 c6 7. O-O h6 8. Qb3 Be7 9. Rd1 Nbd7 10. Nd2 dxc4 11. Nxc4 Nb6 12. e4 Nxc4 13. Qxc4 Bd7 14. Bf4 b5 15. Qb3 a5 16. a4 b4 17. Nb1 Qb6 18. Be3 Qc7 19. h3 Rfc8 20. Nd2 c5 21. Rac1 Qa7 22. d5 Qa6 23. Nc4 exd5 24. exd5 Bd6 25. Qc2 Re8 26. Nxd6 Qxd6 27. Bxc5 Qe5 28. b3 Rac8 29. Qd2 Bf5 30. Bd4 Qd6 31. Bxf6 Qxf6 32. Rxc8 Rxc8 33. d6 Rc2 34. Qf4 Bd7 35. Qxf6 gxf6 36. Bd5 Bxh3 37. Bc4 Bd7 38. Bb5 Be6 39. d7 Bxd7 40. Rxd7 Rc3 41. Bc4 Kg7 42. Rxf7+ Kg6 43. Ra7 h5 44. Rxa5 h4 45. gxh4 Rh3 46. h5+ 1-0


[Site "https://www.chess.com"]

[Event "Titled Tuesday Blitz May 30 Early 2023"]
[White "Sovetbekova, Nurai"]
[Black "Ibadov, Dashgyn"]
[WhiteFideId "13801910"]
[BlackFideId "24107514"]
[WhiteElo "1857"]
[BlackElo "2208"]
[Result "0-1"]
[Round "06"]
[TimeControl "180+2"]
[Date "2023.05.30"]
[WhiteClock "0:00:33"]
[BlackClock "0:01:09"]

1. d4 d5 2. c4 e6 3. Nc3 c6 4. e4 Bb4 5. exd5 exd5 6. Nf3 Nf6 7. Bg5 O-O 8. Be2 dxc4 9. Bxc4 Re8+ 10. Be2 h6 11. Bh4 g5 12. Bg3 Ne4 13. O-O Bxc3 14. Bd3 Bb4 15. Qb3 Bd6 16. Bxd6 Nxd6 17. Ne5 Be6 18. Qd1 Qf6 19. f4 gxf4 20. g3 Nd7 21. Rxf4 Qg7 22. Nf3 Nf6 23. Ne5 Rad8 24. Qf3 Nd5 25. Rh4 Qg5 26. Kh1 Nf6 27. Rf1 Bd5 0-1


[Site "https://www.chess.com"]

[Event "Titled Tuesday Blitz May 30 Early 2023"]
[White "Iskusnyh, Sergei"]
[Black "Bashkansky, Ethan"]
[WhiteFideId "4120027"]
[BlackFideId "2071533"]
[WhiteElo "2492"]
[BlackElo "2337"]
[Result "1-0"]
[Round "06"]
[TimeControl "180+2"]
[Date "2023.05.30"]
[WhiteClock "0:00:03"]
[BlackClock "0:00:01"]

1. d4 f5 2. c4 Nf6 3. Nf3 g6 4. e3 Bg7 5. b4 a5 6. b5 O-O 7. Be2 b6 8. O-O Bb7 9. Nc3 Qe8 10. a4 h6 11. Ba3 d6 12. c5 Kh7 13. c6 Bc8 14. Rc1 Be6 15. Qc2 Qf7 16. e4 Bb3 17. Qb1 Nxe4 18. Nxe4 fxe4 19. Qxe4 Bxa4 20. Bc4 e6 21. Bxe6 Qf4 22. Qd3 Re8 23. Rce1 Nxc6 24. bxc6 Bxc6 25. d5 Bb7 26. Re4 Qf6 27. h4 Ba6 28. Qd1 Bxf1 29. Qxf1 Re7 30. Re2 Rf8 31. Bb2 Qf4 32. Bxg7 Kxg7 33. Qa1+ Qf6 34. Qc1 Qf4 35. Qc3+ Qf6 36. Nd4 Kh7 37. g3 g5 38. Qd3+ Kh8 39. hxg5 Qxg5 40. Re4 Rg7 41. Rg4 Qc1+ 42. Kg2 Rxg4 43. Bxg4 Qg5 44. Be6 Qf6 45. Qe3 Qg5 46. f4 Qf6 47. Bg4 Qg7 48. Bf3 Qf6 49. Ne6 Rf7 50. Bh5 Re7 51. Qe4 Qb2+ 52. Kh3 Qf6 53. Bg4 a4 54. Qxa4 Qf7 55. Qa8+ Kh7 56. Qc8 h5 57. Bf3 Kg6 58. Be4+ Kh6 59. Qh8+ Qh7 1-0


[Site "https://www.chess.com"]

[Event "Titled Tuesday Blitz May 30 Early 2023"]
[White "Colas, Joshua"]
[Black "FunnyDuck66"]
[WhiteFideId "2044447"]
[WhiteElo "2347"]
[BlackElo "2316"]
[Result "0-1"]
[Round "06"]
[TimeControl "180+2"]
[Date "2023.05.30"]
[WhiteClock "0:00:04"]
[BlackClock "0:00:48"]

1. Nf3 d5 2. c4 c6 3. g3 Nf6 4. Bg2 e6 5. b3 Be7 6. Bb2 O-O 7. O-O b6 8. d4 Bb7 9. Nc3 Nbd7 10. Nd2 Rc8 11. e4 dxe4 12. Ndxe4 Qc7 13. Qe2 c5 14. dxc5 Nxc5 15. Nb5 Qb8 16. Nxf6+ gxf6 17. Bxb7 Qxb7 18. Nd6 Qc6 19. Nxc8 Rxc8 20. Rad1 e5 21. f4 e4 22. Qg4+ Kh8 23. Rfe1 Qe6 24. f5 Qc6 25. Ba1 Nd3 26. Re2 Bc5+ 27. Kg2 Re8 28. Rxd3 exd3+ 0-1


[Site "https://www.chess.com"]

[Event "Titled Tuesday Blitz May 30 Early 2023"]
[White "Coelho, Ramyres Santana"]
[Black "Sadykov, Ramil"]
[WhiteFideId "2120690"]
[BlackFideId "24113590"]
[WhiteElo "1888"]
[BlackElo "2245"]
[Result "0-1"]
[Round "06"]
[TimeControl "180+2"]
[Date "2023.05.30"]
[WhiteClock "0:00:07"]
[BlackClock "0:01:24"]

1. e4 e5 2. Nf3 Nf6 3. d4 Nxe4 4. Nxe5 d6 5. Nf3 Be7 6. Bd3 Nf6 7. O-O Bg4 8. h3 Bh5 9. Be2 O-O 10. Nc3 Re8 11. Bg5 Nbd7 12. Re1 h6 13. Bh4 c6 14. Nd2 Bxe2 15. Rxe2 d5 16. Qf1 Bb4 17. Rae1 Rxe2 18. Qxe2 Bxc3 19. bxc3 Qa5 20. Bxf6 Nxf6 21. Qd3 Qxa2 22. Re7 b5 23. Nf3 Qa1+ 24. Kh2 Qa3 25. Re2 a5 26. Ne5 Qd6 27. f4 a4 28. Re3 a3 29. Rg3 Ne4 30. Rg4 a2 31. f5 a1=Q 32. Qe3 Qxc3 33. Qf4 Qxd4 34. Nf3 Qxf4+ 35. Rxf4 Qe3 36. Rg4 h5 37. Rh4 g6 38. fxg6 fxg6 39. c4 bxc4 40. Ne5 Qg3+ 41. Kg1 Qxh4 42. Nf3 Qg3 43. Kf1 Ra2 44. Nd2 Rxd2 45. h4 Kf7 46. Kg1 Kf6 47. Kf1 Kf5 48. Kg1 Kf4 49. Kf1 Ke3 50. Kg1 Ke2 51. Kh1 Ke1 52. Kg1 Rd1 53. Kh1 Ke2# 0-1


[Site "https://www.chess.com"]

[Event "Titled Tuesday Blitz May 30 Early 2023"]
[White "Nugumanov, Bakhtiyar"]
[Black "Mamedov, Edgar"]
[WhiteFideId "13701797"]
[BlackFideId "13739980"]
[WhiteElo "2209"]
[BlackElo "2317"]
[Result "1-0"]
[Round "06"]
[TimeControl "180+2"]
[Date "2023.05.30"]
[WhiteClock "0:00:12"]
[BlackClock "0:00:21"]

1. Nf3 d5 2. g3 Bg4 3. Bg2 Nd7 4. c4 c6 5. cxd5 cxd5 6. Nc3 e6 7. Qb3 Qb6 8. Qxb6 Nxb6 9. Ne5 Bf5 10. a4 f6 11. g4 Bg6 12. Nxg6 hxg6 13. a5 Nd7 14. a6 b6 15. e4 d4 16. Nb5 Kd8 17. e5 Rb8 18. Nxa7 Nxe5 19. Nb5 Nd3+ 20. Kf1 Rc8 21. a7 Kd7 22. a8=Q Rxa8 23. Bxa8 Nh6 24. Rg1 Nf7 25. Ra7+ Kc8 26. Rxf7 Bc5 27. b4 Rxh2 28. Bg2 Bxb4 29. Ba3 Bxa3 30. Nxa3 e5 31. Rxg7 e4 32. Rxg6 f5 33. gxf5 Rh4 34. Re6 Rf4 35. f3 exf3 36. Bh3 f2 37. Rg7 Kd8 38. Rh6 1-0


[Site "https://www.chess.com"]

[Event "Titled Tuesday Blitz May 30 Early 2023"]
[White "Streltsov, Alexey"]
[Black "Samaganova, Aleksandra"]
[WhiteFideId "24104434"]
[BlackFideId "13800221"]
[WhiteElo "2590"]
[BlackElo "1858"]
[Result "1-0"]
[Round "06"]
[TimeControl "180+2"]
[Date "2023.05.30"]
[WhiteClock "0:00:14"]
[BlackClock "0:00:00"]

1. d4 Nf6 2. Nc3 e6 3. e4 d5 4. e5 Nfd7 5. f4 c5 6. Nf3 Nc6 7. Be3 g6 8. Qd2 a6 9. Be2 b5 10. a3 Rb8 11. O-O cxd4 12. Nxd4 Nxd4 13. Bxd4 Bg7 14. Kh1 O-O 15. Nd1 Nb6 16. Ne3 Nc4 17. Bxc4 dxc4 18. Ng4 Bb7 19. Nf6+ Kh8 20. c3 Qc7 21. Rae1 Rbd8 22. Re3 Qc6 23. Rg1 Bxf6 24. exf6 Rd5 25. Re5 Rfd8 26. Qf2 Rxe5 27. fxe5 Qe4 28. Re1 Qg4 29. Kg1 Bd5 30. h3 Qh5 31. Re3 a5 32. Bb6 Ra8 33. Kh2 b4 34. Re1 Ra6 35. Qc5 Ra8 36. Qe7 Qg5 37. Re2 Qf4+ 38. Kg1 Qc1+ 39. Kf2 Qf4+ 40. Kg1 Qc1+ 41. Kh2 Qf4+ 42. Kh1 Qf1+ 43. Kh2 Qxe2 44. Kg3 Qxg2+ 45. Kh4 1-0


[Site "https://www.chess.com"]

[Event "Titled Tuesday Blitz May 30 Early 2023"]
[White "rionelG"]
[Black "Marra, Eduardo da Costa"]
[BlackFideId "2106990"]
[WhiteElo "2140"]
[BlackElo "2252"]
[Result "0-1"]
[Round "06"]
[TimeControl "180+2"]
[Date "2023.05.30"]
[WhiteClock "0:00:00"]
[BlackClock "0:00:10"]

1. e4 c5 2. g3 Nc6 3. Bg2 d6 4. Ne2 g6 5. c3 Bg7 6. d4 cxd4 7. cxd4 Nf6 8. Nbc3 O-O 9. h3 Rb8 10. O-O Nd7 11. Be3 Nb6 12. b3 e6 13. d5 Ne7 14. dxe6 Bxe6 15. Rc1 a6 16. Nf4 Nbc8 17. Bd4 Be5 18. Qd2 Qa5 19. Rfd1 Bxd4 20. Qxd4 Qe5 21. Qd3 Nb6 22. Qe3 Nd7 23. Nfd5 Bxd5 24. Nxd5 Rbc8 25. f4 Rxc1 26. Qxc1 Qe6 27. Qc3 Nxd5 28. Rxd5 Nf6 29. Rd4 Re8 30. Qd3 d5 31. e5 Nh5 32. Kh2 Rc8 33. Bxd5 Qb6 34. Bc4 Ng7 35. Kg2 h5 36. Rd7 Rf8 37. Qxg6 Qxg6 38. Kf3 Nf5 39. g4 hxg4+ 40. hxg4 Nh4+ 41. Kg3 Qh7 42. e6 Ng6 43. f5 Qh4+ 44. Kf3 Ne5+ 45. Kf4 Nxd7 0-1


[Site "https://www.chess.com"]

[Event "Titled Tuesday Blitz May 30 Early 2023"]
[White "Dilmukhametov, Artur"]
[Black "Paravyan, David"]
[WhiteFideId "24179922"]
[BlackFideId "4194985"]
[WhiteElo "2242"]
[BlackElo "2563"]
[Result "1-0"]
[Round "06"]
[TimeControl "180+2"]
[Date "2023.05.30"]
[WhiteClock "0:00:25"]
[BlackClock "0:00:05"]

1. e4 e5 2. Bc4 Nf6 3. d4 exd4 4. Nf3 Nxe4 5. Qxd4 Nf6 6. Nc3 c6 7. Bg5 d5 8. O-O-O Be7 9. Rhe1 Be6 10. Bd3 Nbd7 11. Qh4 Nc5 12. Nd4 h6 13. f4 Nxd3+ 14. Rxd3 O-O 15. Bxh6 Nh7 16. Qh5 gxh6 17. Qxh6 Kh8 18. Rxe6 fxe6 19. Nxe6 Rf7 20. Nxd8 Rxd8 21. Ne2 Rd6 22. Qh5 Rdf6 23. g3 Bc5 24. Nd4 Re7 25. Nf3 Rfe6 26. Ne5 Kg7 27. Qg4+ Kh6 28. Nf7+ Rxf7 29. Qxe6+ Kg7 30. f5 Re7 31. Qg6+ Kf8 32. f6 Rf7 33. g4 Bd6 34. Rf3 Bxh2 35. g5 Be5 36. c3 d4 37. cxd4 Bxd4 38. Rd3 c5 39. b4 b6 40. Qf5 Rc7 41. b5 Kg8 42. Kd1 Nf8 43. g6 Nd7 44. Qe6+ Kf8 45. Qe7+ Kg8 46. Qg7# 1-0


[Site "https://www.chess.com"]

[Event "Titled Tuesday Blitz May 30 Early 2023"]
[White "Zhigalko, Sergei"]
[Black "Romkachess"]
[WhiteFideId "13502956"]
[WhiteElo "2626"]
[BlackElo "2557"]
[Result "1-0"]
[Round "06"]
[TimeControl "180+2"]
[Date "2023.05.30"]
[WhiteClock "0:00:24"]
[BlackClock "0:00:07"]

1. e4 c5 2. Nf3 d6 3. d4 cxd4 4. Qxd4 Nf6 5. Nc3 Nc6 6. Bb5 Bd7 7. Bxc6 Bxc6 8. Bg5 e6 9. O-O-O Be7 10. Rhe1 O-O 11. Kb1 h6 12. Bh4 a6 13. h3 Qc7 14. Qd3 Rfd8 15. Nd4 Rac8 16. f3 b5 17. Nxc6 Qxc6 18. Ne2 Qc4 19. Nd4 g5 20. Bf2 Qxd3 21. Rxd3 d5 22. e5 Nd7 23. h4 Nc5 24. Rdd1 Kg7 25. Rh1 Nd7 26. Rde1 Bc5 27. hxg5 hxg5 28. Rh5 Kg6 29. Reh1 Nxe5 30. Be3 Nc4 31. Rh6+ Kg7 32. Rh7+ Kg8 33. Nxe6 fxe6 34. Bxc5 e5 35. Be7 Re8 36. Bf6 1-0


[Site "https://www.chess.com"]

[Event "Titled Tuesday Blitz May 30 Early 2023"]
[White "ATM622"]
[Black "Petrosyan, Manuel"]
[BlackFideId "13300857"]
[WhiteElo "2549"]
[BlackElo "2576"]
[Result "0-1"]
[Round "06"]
[TimeControl "180+2"]
[Date "2023.05.30"]
[WhiteClock "0:00:00"]
[BlackClock "0:00:03"]

1. d4 Nf6 2. c4 e6 3. g3 d5 4. Bg2 Be7 5. Nf3 O-O 6. O-O dxc4 7. Ne5 Nc6 8. Bxc6 bxc6 9. Nxc6 Qe8 10. Nxe7+ Qxe7 11. Qc2 e5 12. dxe5 Qxe5 13. Nc3 Qh5 14. f3 Rd8 15. Bf4 Be6 16. Rfd1 Nd5 17. Nxd5 Rxd5 18. Rxd5 Qxd5 19. Rd1 Qb5 20. Kg2 c6 21. Rd6 h6 22. Qc3 Re8 23. e4 Qc5 24. Qd4 Qxd4 25. Rxd4 c5 26. Rd6 Re7 27. Rc6 c3 28. bxc3 Rb7 29. Rxc5 Rb2+ 30. Kg1 Bh3 31. a4 Rg2+ 32. Kh1 Rf2 33. Be3 Rxf3 34. Bd4 Rf1+ 35. Bg1 Ra1 36. a5 Ra2 37. Bd4 Ra1+ 38. Bg1 a6 39. e5 Kh7 40. c4 Rb1 41. Rc7 Ra1 42. Rxf7 Rxa5 43. e6 Re5 44. Bd4 Re1+ 45. Bg1 Rxe6 46. c5 Re1 47. Ra7 Ra1 48. c6 Rc1 49. c7 h5 50. Rxa6 Rxc7 51. Ra5 Kh6 52. Be3+ Kg6 53. Rg5+ Kf7 54. Rxh5 Bg4 55. Ra5 Bf3+ 56. Kg1 Be4 57. Ra4 Bd3 58. Rf4+ Kg8 59. Kg2 Rc2+ 60. Rf2 Be4+ 61. Kh3 Rc3 62. Bg5 Rc5 63. Kh4 Rc6 64. g4 Kh7 65. h3 Rc3 66. Bf4 Bd5 67. Rd2 Be6 68. Be5 Re3 69. Bf4 Rf3 70. Be5 Bc4 71. Rh2 Bf1 72. Bd4 Kh6 73. g5+ Kg6 74. Be5 Kf5 75. Bb8 g6 76. Bc7 Ke4 77. Bb8 Kd5 78. Bc7 Ke4 79. Bb8 Kf5 80. Ba7 Ke6 0-1


[Site "https://www.chess.com"]